 Dungeon Crawl Stone Soup version 0.31.0-32-g396128a36d (webtiles) character file.

Game seed: 12187756048202392205

3694 Ijustatesigmund the Conjurer (level 10, -2/67 HPs)
             Began as an Octopode Conjurer on Mar 21, 2024.
             Was a Priest of Cheibriados.
             Slain by a boulder beetle (10 damage)
             ... on level 7 of the Dungeon on Mar 22, 2024.
             The game lasted 00:20:32 (10309 turns).

Ijustatesigmund the Conjurer (Octopode Conjurer)   Turns: 10309, Time: 00:20:33

Health: -2/67      AC: 14    Str: 15    XL:     10   Next: 13%
Magic:  0/18       EV: 13    Int: 31    God:    Cheibriados [***...]
Gold:   155        SH:  0    Dex: 17    Spells: 10/20 levels left

rFire   . . .        b - +2 flail (protect)
rCold   . . .        (no shield)
rNeg    . . .        A - +2 hat
rPois   .            v - amulet of the acrobat
rElec   .            o - ring of willpower
rCorr   .            x - +4 ring of protection
SInv    .            (no ring)
Will    +....        (no ring)
Stlth   +++          (no ring)
HPRegen 0.31/turn    (no ring)
MPRegen 0.16/turn    (no ring)
                     (no ring)

%: acrobat
@: under a protective aura, on berserk cooldown, slowed, very slow
A: almost no armour, amphibious, 8 rings, camouflage 1, gelatinous body 1,
(nimble swimmer 1), tentacles
a: Renounce Religion, Bend Time, Temporal Distortion


You were on level 7 of the Dungeon.
You worshipped Cheibriados.
Cheibriados was most pleased with you.
You visited 1 branch of the dungeon, and saw 7 of its levels.

You collected 381 gold pieces.
You spent 226 gold pieces at shops.

Inventory:

Hand Weapons
 b - a +2 flail of protection (weapon)
 g - a +0 war axe
Missiles
 t - 3 throwing nets
Armour
 A - a +2 hat (worn)
 B - a +0 kite shield
Magical Staves
 q - a staff of conjuration
Jewellery
 k - a +6 ring of strength
 o - a ring of willpower (left tentacle)
 r - the ring of Cowardice {Fly rCorr Str-5 SInv}
   (You found it on level 4 of the Dungeon)

   [ring of resist corrosion]

   Str-5:     It affects your strength (-5).
   SInv:      It lets you see invisible.
   Fly:       It grants you flight.
   rCorr:     It protects you from acid and corrosion.
 v - an amulet of the acrobat (around mantle)
 x - a +4 ring of protection (right tentacle)
 y - a ring of positive energy
 D - a ring of ice
Wands
 C - a wand of charming (11)
Scrolls
 l - a scroll of poison {unknown}
 m - 2 scrolls of fog
 p - a scroll of enchant armour
 s - a scroll of amnesia
 w - a scroll of blinking
Potions
 a - a potion of magic
 c - 3 potions of enlightenment
 d - 3 potions of curing
 e - a potion of haste
 f - a potion of lignification
 j - 2 potions of attraction
 u - a potion of ambrosia {unknown}
 z - 3 potions of degeneration {unknown}


   Skills:
 + Level 5.6 Fighting
 + Level 4.3 Axes
 - Level 2.0 Dodging
 - Level 2.6 Stealth
 + Level 5.6 Spellcasting
 + Level 7.0 Conjurations
 + Level 4.2 Translocations
 + Level 4.2 Air Magic
 + Level 4.7 Alchemy
 + Level 4.6 Invocations


You had 10 spell levels left.
You knew the following spells:

 Your Spells              Type           Power      Damage    Failure   Level
a - Magic Dart            Conj           100%       1d8       1%          1
b - Searing Ray           Conj           100%       2d8       1%          2
c - Iskenderun's Mystic   Conj/Tloc      43%        2d10      4%          4
d - Mephitic Cloud        Conj/Alch/Air  41%        N/A       1%          3

Your spell library contained the following spells:

 Spells                   Type           Power      Damage    Failure   Level
 Blink                    Tloc           70%        N/A       1%          2
 Lesser Beckoning         Tloc           70%        N/A       1%          2
 Mercury Vapours          Alch/Air       72%        N/A       1%          2
 Momentum Strike          Conj/Tloc      86%        3d10      1%          2
 Fulminant Prism          Conj/Alch      22%        3d12      4%          4
 Olgreb's Toxic Radiance  Alch           38%        N/A       7%          4
 Freezing Cloud           Conj/Ice/Air   16%        6-21      30%         5
 Ozocubu's Refrigeration  Ice            4%         4d8       100%        7
 Discord                  Hex            4%         N/A       100%        8


Dungeon Overview and Level Annotations

Branches:
Dungeon (7/15)             Temple (0/1) D:6

Altars:
Ashenzari
Cheibriados
Dithmenos
Fedhas
Hepliaklqana
Ru
Trog
Uskayaw
Wu Jian

Shops:
D:5 [   D:7 ?

Annotations:
D:1 2 transporters


Innate Abilities, Weirdness & Mutations

You cannot wear most types of armour.
You are amphibious.
You can wear up to eight rings at the same time.
Your skin changes colour to match your surroundings (Stealth+).
Your rubbery body absorbs attacks. (AC +1, EV +1)
((You are camouflaged when in or above water. (Stealth+)))
You have tentacles for arms and can constrict up to eight enemies at once.


Message History

The boulder beetle is heavily wounded.
The boulder beetle bites you but does no damage.
You hit the boulder beetle.
The boulder beetle is heavily wounded.
The boulder beetle closely misses you.
You hit the boulder beetle but do no damage.
The boulder beetle is heavily wounded.
The boulder beetle bites you! x2
You hit the boulder beetle.
The boulder beetle is heavily wounded.
The boulder beetle misses you.
You hit the boulder beetle but do no damage.
The boulder beetle is heavily wounded.
The boulder beetle bites you.
* * * LOW HITPOINT WARNING * * *
You hit the boulder beetle but do no damage.
You squeeze the boulder beetle.
The boulder beetle is severely wounded.
The boulder beetle bites you!
* * * LOW HITPOINT WARNING * * *
You hit the boulder beetle but do no damage.
The boulder beetle is heavily wounded.
The boulder beetle misses you. The boulder beetle bites you!
* * * LOW HITPOINT WARNING * * *
You thump the boulder beetle!
The boulder beetle is severely wounded.
The boulder beetle bites you but does no damage.
You sock the boulder beetle!
The boulder beetle is almost dead.
You are no longer berserk.
You are exhausted.
You feel yourself slow down. The boulder beetle misses you.
Casting: Iskenderun's Mystic Blast (dangerous; 4% risk of failure)
Confirm with . or Enter, or press ? or * to list all spells.
You erupt in a blast of force!
The mystic blast hits the boulder beetle but does no damage.
The boulder beetle is almost dead.
The boulder beetle bites you but does no damage.
The boulder beetle bites you!
You die...

.### ###...### ##.###.## ##$##
#...# #.###... #[$[# #...#
#.#...## ##)## #...#######
#.....## .#+# #.........#
###...## .#
#######...#####.####.#.### ...
###...............#...###.##
...###..........B.........## ##..
.###............@......#.#.###.##
##.'......####...#####.#.#..#..##
†[.##.....# #.).......#........#
#...#...#.# #...#######..##.#..#
'.###.....# #...# #........#
###...##### #...# ##.##....#
.#...#########...# #.###...#
##..##...[......## #.####...
....##.#####.#.°#########.......#


You could see a boulder beetle.

Vanquished Creatures
  Pikel (D:5)
  A troll (D:7)
  Sigmund (D:2)
  A shadow (D:6)
  Eustachio (D:5)
  A vampire mosquito (D:6)
  A steam dragon (D:7)
  Menkaure (D:5)
  Edmund (D:4)
  An orc warrior (D:6)
  2 black bears
  2 sky beasts (D:7)
  An ogre (D:5)
  A lemure (D:5)
  A phantom (D:6)
  A bullfrog (D:7)
  A gnoll sergeant (D:6)
  3 scorpions
  A wight (D:7)
  A howler monkey (D:4)
  4 orc priests
  2 hounds (D:5)
  4 jellies
  2 bombardier beetles
  2 sleepcaps
  A gnoll bouda (D:5)
  9 orc wizards
  5 iguanas
  9 gnolls
  4 adders
  2 white imps
  4 ufetubi
  3 dart slugs
  5 ribbon worms
  25 orcs
  3 endoplasms
  4 giant cockroaches
  7 goblins
  8 hobgoblins
  A jackal (D:4)
  5 quokkas
  9 ball pythons
  5 bats
  4 frilled lizards
  6 kobolds
  A rat (D:3)
158 creatures vanquished.

Vanquished Creatures (others)
  A gnoll (D:6)
1 creature vanquished.

Grand Total: 159 creatures vanquished

Notes
Turn   | Place    | Note
-------+----------+-------------------------------------------
     0 | D:1      | Ijustatesigmund the Octopode Conjurer began the quest for
                  | the Orb.
     0 | D:1      | Reached XP level 1. HP: 11/11 MP: 3/3
   215 | D:1      | Reached XP level 2. HP: 18/18 MP: 1/5
   470 | D:1      | Reached skill level 1 in Fighting
   584 | D:1      | Reached XP level 3. HP: 23/23 MP: 2/6
  1276 | D:2      | Learned a level 2 spell: Searing Ray
  1850 | D:2      | Reached XP level 4. HP: 29/29 MP: 1/8
  1855 | D:2      | Learned a level 4 spell: Iskenderun's Mystic Blast
  2321 | D:2      | Noticed Sigmund
  2330 | D:2      | Killed Sigmund
  2331 | D:2      | Reached skill level 5 in Conjurations
  2331 | D:2      | Reached XP level 5. HP: 32/36 MP: 2/10
  2331 | D:2      | Reached XP level 6. HP: 38/42 MP: 2/11
  2335 | D:2      | Learned a level 3 spell: Mephitic Cloud
  3598 | D:3      | Found a snail-covered altar of Cheibriados.
  4109 | D:3      | Found a hide-covered altar of Uskayaw.
  4114 | D:3      | Found an ornate altar of the Wu Jian Council.
  4115 | D:3      | Found a sacrificial altar of Ru.
  4115 | D:3      | Found a hazy altar of Hepliaklqana.
  4121 | D:3      | Found a blossoming altar of Fedhas.
  4122 | D:3      | Found a broken altar of Ashenzari.
  4123 | D:3      | Found a bloodstained altar of Trog.
  4124 | D:3      | Found a shadowy altar of Dithmenos.
  4183 | D:3      | Reached skill level 1 in Alchemy
  4278 | D:3      | Became a worshipper of Cheibriados the Contemplative
  4316 | D:4      | Identified the ring of Cowardice {Fly rCorr Str-5 SInv}
  4584 | D:4      | Reached skill level 1 in Air Magic
  4881 | D:4      | Reached XP level 7. HP: 40/46 MP: 12/12
  4943 | D:4      | Reached skill level 1 in Axes
  4943 | D:4      | Reached skill level 1 in Translocations
  5125 | D:4      | Reached * piety under Cheibriados
  5569 | D:4      | Noticed Edmund
  5604 | D:4      | Killed Edmund
  5605 | D:4      | Reached skill level 1 in Invocations
  5942 | D:5      | Entered Level 5 of the Dungeon
  6164 | D:5      | Noticed Menkaure
  6172 | D:5      | Killed Menkaure
  6173 | D:5      | Reached XP level 8. HP: 29/54 MP: 11/14
  6296 | D:5      | Noticed Eustachio
  6327 | D:5      | Killed Eustachio
  6741 | D:5      | Found Caurrec's Antique Armour Shop.
  6744 | D:5      | Bought an embroidered hat for 161 gold pieces
  6878 | D:5      | Reached skill level 6 in Conjurations
  6985 | D:5      | Noticed Pikel
  7001 | D:5      | Killed Pikel
  7002 | D:5      | Reached XP level 9. HP: 36/59 MP: 12/16
  7255 | D:5      | Reached ** piety under Cheibriados
  7709 | D:6      | Reached skill level 5 in Spellcasting
  7971 | D:6      | Reached skill level 5 in Fighting
  8132 | D:6      | Identified the +7 short sword "Kewoh" {flame, Will+ Str+5}
  8556 | D:6      | Found a staircase to the Ecumenical Temple.
  8885 | D:7      | Reached *** piety under Cheibriados
  8889 | D:7      | Noticed a troll
  8896 | D:7      | Killed a troll
  9463 | D:7      | Found Fakkyuvy's Magic Scroll Shoppe.
  9477 | D:7      | Bought a scroll of identify for 26 gold pieces
  9477 | D:7      | Bought a scroll of identify for 26 gold pieces
  9477 | D:7      | Bought a scroll of noise for 13 gold pieces
  9665 | D:7      | Reached XP level 10. HP: 59/66 MP: 18/18
  9724 | D:7      | Reached skill level 7 in Conjurations
  9778 | D:7      | Noticed a boulder beetle
  9783 | D:7      | Noticed a boulder beetle
 10309 | D:7      | Slain by a boulder beetle

Illustrated notes

Levels and vault maps discovered:
D:1:      spicycebolla_arrival_transporter_tutorial, layout_loops_ring,
          chequers_mini_garden, minmay_door_square, minivault_19,
          dreamdust_mushroom_princess
D:2:      layout_loops_corners, uniq_sigmund
D:3:      layout_basic, minitemple, slow_altar_1
D:4:      layout_basic, kennysheep_small_circle, uniq_edmund
D:5:      layout_loops_ring, serial_shops, shop, uniq_eustachio, uniq_menkaure,
          uniq_pikel
D:6:      minmay_chambers_of_sixes, layout_loops_ring, temple_hall
D:7:      minmay_slanted_spiral_squares, layout_loops_cross, serial_shops, shop

Skill      XL: |  1  2  3  4  5  6  7  8  9 10 |
---------------+-------------------------------+-----
Fighting       | 1 3 4 5 |  5.6
Spellcasting   | 3 4 5 |  5.6
Conjurations   | 5 6 7 |  7.0
Alchemy        | 1 2 3 4 |  4.7
Air Magic      | 1 2 3 4 |  4.2
Axes           | 1 3 4 |  4.3
Translocations | 1 3 4 |  4.2
Invocations    | 1 3 4 |  4.6
Dodging        | |  2.0
Stealth        | |  2.6

Action                     |  1- 3 |  4- 6 |  7- 9 | 10-12 || total
---------------------------+-------+-------+-------+-------++-------
  Melee: Dagger            |     6 |       |       |       ||     6
         Constrict         |     5 |    20 |    46 |     3 ||    74
         Spear             |     6 |     2 |       |       ||     8
         Tentacles         |     2 |    16 |    56 |    10 ||    84
         Whip              |       |    67 |    15 |       ||    82
         Punch             |       |     2 |     3 |     1 ||     6
         Flail             |       |       |   159 |    32 ||   191
   Cast: Magic Dart        |    32 |    46 |    45 |     1 ||   124
         Searing Ray       |     2 |     3 |    18 |     1 ||    24
         Mephitic Cloud    |       |       |    11 |     3 ||    14
         Iskenderun's Myst |       |       |     7 |     8 ||    15
  Evoke: Wand              |       |       |       |     2 ||     2
    Use: Potion            |       |       |     2 |     1 ||     3
         Scroll            |       |       |    12 |     3 ||    15
   Stab: Sleeping          |     2 |     9 |     7 |       ||    18
         Confused          |       |       |     2 |       ||     2
 Armour: Skin              |     8 |    29 |   107 |    40 ||   184
  Dodge: Dodged            |     9 |    49 |   145 |    33 ||   236
